 Dungeon Crawl Stone Soup version 0.30-a0-1112-gfb780f5df6 (webtiles) character file.

Game seed: 3798194415554136724

67 demibob the Stinger (level 3, -1/24 HPs)
             Began as a Demonspawn Wanderer on Apr 19, 2023.
             Slain by a hound (4 damage)
             ... on level 2 of the Dungeon.
             The game lasted 00:03:06 (1765 turns).

demibob the Stinger (Demonspawn Wanderer)           Turns: 1765, Time: 00:03:08

Health: -1/24      AC:  2    Str: 16    XL:     3   Next: 98%
Magic:  1/4        EV: 11    Int: 16    God:
Gold:   146        SH:  0    Dex:  9    Spells: 2/4 levels left

rFire   . . .      SeeInvis .    a - +0 whip
rCold   . . .      Faith    .    (no shield)
rNeg    . . .      Spirit   .    j - +1 leather armour
rPois   .          Reflect  .    (no helmet)
rElec   .          Rampage  .    (no cloak)
rCorr   .                        (no gloves)
Will    .....                    (no boots)
Stlth   +                        (no amulet)
HPRegen 0.24/turn                (no ring)
MPRegen 0.09/turn                (no ring)

@: no status effects
A: powered by pain 1, big brain 1, deformed body, MP-powered wands
a: no special abilities


You were on level 2 of the Dungeon.
You visited 1 branch of the dungeon, and saw 2 of its levels.

You collected 146 gold pieces.


Innate Abilities, Weirdness & Mutations

You sometimes gain a little power by taking damage.
You have an unusually large brain. (Int +2)
Armour fits poorly on your strangely shaped body.
You expend magic power (3 MP) to strengthen your wands.


   Skills:
 + Level 2.5 Maces & Flails
 - Level 1.7 Armour
 - Level 1.0 Spellcasting
 - Level 3.0 Conjurations
 + Level 3.7 Poison Magic
 - Level 1.0 Evocations


You had 2 spell levels left.
You knew the following spells:

 Your Spells              Type           Power      Damage    Failure   Level
p - Poisonous Vapours     Pois/Air       12%        N/A       21%         2

Your spell library contained the following spells:

 Spells                   Type           Power      Damage    Failure   Level
 Sting                    Tmut/Pois      24%        1d4       13%         1
 Foxfire                  Conj/Fire      20%        2x1d5     16%         1
 Stone Arrow              Conj/Erth      10%        3d7       41%         3
 Ignite Poison            Fire/Tmut/Pois 4%         N/A       45%         3

Inventory:

Hand Weapons
 a - a +0 whip (weapon)
 e - a +0 club
Missiles
 f - 2 throwing nets {=f}
Armour
 j - a +1 leather armour (worn)
Jewellery
 C - a ring of ice
Scrolls
 b - 2 scrolls of teleportation {@r2}
 d - a scroll of immolation {unknown}
Potions
 g - a potion of degeneration {unknown}
 h - 2 potions of lignification

Dungeon Overview and Level Annotations

Branches:
Dungeon (2/15)

Altars:

Shops:
D:2

= #.##.#.###..#
...........[#
#.##.#.###.##
#.##.#.# #.#
#.##.#.# #.#
#.##.#.###.#
#..........#
####.#.#########
# #..@h......
###########


You could see a hound.


Message History

The hound is heavily wounded.
The hound barely misses you. x2
You closely miss the hound.
The hound is heavily wounded.
The hound misses you.
You hit the hound.
The hound is severely wounded.
The hound bites you. The hound barely misses you.
You closely miss the hound.
The hound is severely wounded.
The hound closely misses you.
You closely miss the hound.
The hound is severely wounded.
The hound bites you.
* * * LOW HITPOINT WARNING * * *
The hound bites you.
* * * LOW HITPOINT WARNING * * *
Your magical contamination has completely faded away.
You hit the hound.
The hound is severely wounded.
The hound bites you.
* * * LOW HITPOINT WARNING * * *
Unknown command.
It was a potion of mutation.
You feel extremely strange.
You feel your magical essence link to the dungeon's wands.
Your body twists and deforms.
The hound bites you.
* * * LOW HITPOINT WARNING * * *
The hound bites you.
You die...

Skill      XL: |  1  2 |
---------------+-------+-----
Maces & Flails | 1 2 |  2.5
Armour         | |  1.7
Spellcasting   | |  1.0
Conjurations   | |  3.0
Poison Magic   | |  3.7
Evocations     | |  1.0

Action                     || total
---------------------------++-------
  Melee: Club              ||    16
         Whip              ||   167
    Use: Scroll            ||     6
         Potion            ||     2
 Armour: Ring mail         ||    34
         Leather armour    ||    33
  Dodge: Dodged            ||   111

Levels and vault maps discovered:
D:1:      matt_arrival_spirals, layout_loops_ring, amcnicky_mini_pool_small
D:2:      layout_basic, serial_shops, shop

Notes
Turn   | Place    | Note
-------+----------+-------------------------------------------
     0 | D:1      | demibob the Demonspawn Wanderer began the quest for the
                  | Orb.
     0 | D:1      | demibob set off with the following items: a +0 club, a
                  | scroll of teleportation {@r2}, a +0 ring mail; and the
                  | following spells available to memorise: Foxfire, Sting,
                  | Poisonous Vapours, Stone Arrow, Ignite Poison.
     0 | D:1      | Reached XP level 1. HP: 13/13 MP: 2/2
    75 | D:1      | Reached skill level 1 in Maces & Flails
   120 | D:1      | Gained mutation: You have an unusually large brain. (Int
                  | +2) [demonic ancestry]
   120 | D:1      | Reached XP level 2. HP: 15/19 MP: 3/3
   380 | D:1      | Reached skill level 2 in Maces & Flails
   448 | D:1      | You fall into a shaft and drop 1 floor!
   791 | D:1      | Gained mutation: You sometimes gain a little power by
                  | taking damage. [demonic ancestry]
   791 | D:1      | Reached XP level 3. HP: 24/24 MP: 4/4
  1423 | D:2      | Found Hesh's Jewellery Boutique.
  1571 | D:2      | Learned a level 2 spell: Poisonous Vapours
  1765 | D:2      | Gained mutation: You expend magic power (3 MP) to
                  | strengthen your wands. [potion of mutation]
  1765 | D:2      | Gained mutation: Armour fits poorly on your strangely
                  | shaped body. [potion of mutation]
  1765 | D:2      | Slain by a hound

Vanquished Creatures
  3 adders (D:2)
  2 dart slugs (D:1)
  A bat (D:1)
  7 goblins
  6 hobgoblins
  2 quokkas (D:1)
  5 frilled lizards
  5 kobolds
  3 rats (D:1)
34 creatures vanquished.

Table legend: (Time is in decaauts)
 A = Elapsed time spent in this place.
 B = Non-inter-level travel time spent in this place.
 C = Inter-level travel time spent in this place.
 D = Time resting spent in this place.
 E = Time spent auto-exploring this place.
 F = Levels seen in this place.
 G = Mean time per level.
                   A        B        C        D        E       F      G
               +--------+--------+--------+--------+--------+-----+--------+
         Total |   1768 |   1674 |     94 |    109 |   1221 |   2 |  884.0 |
       Dungeon |   1768 |   1674 |     94 |    109 |   1221 |   2 |  884.0 |
               +--------+--------+--------+--------+--------+-----+--------+

Top non-repeatable levels by time:
     D:1: 984 daAuts
     D:2: 784 daAuts

Table legend:
 A = Non-vault XP
 B = Vault XP
 C = Vault XP percentage of total XP
 D = Non-vault monster count
 E = Vault monster count
 F = Vault count percentage of total count
                 A         B        C        D         E       F
            +---------+---------+-------+---------+---------+-------
      Total |      96 |       0 |   0.0 |      34 |       0 |   0.0
            +---------+---------+-------+---------+---------+-------
        D:1 |      46 |       0 |   0.0 |      25 |       0 |   0.0
        D:2 |      50 |       0 |   0.0 |       9 |       0 |   0.0
            +---------+---------+-------+---------+---------+-------
